 Dungeon Crawl Stone Soup version 0.31-a0-1074-g0b22e4e0f1 (webtiles) character file.

Game seed: 15072387254118202635

14263 Demosthentine the Grand Scion (level 11, -1/80 HPs)
             Began as a Demonspawn Gladiator on Nov 28, 2023.
             Was a High Priest of Hepliaklqana.
             Killed from afar by a deep elf pyromancer (16 damage)
             ... with a bolt of fire
             ... on level 13 of the Dungeon.
             The game lasted 00:16:23 (12592 turns).

Demosthentine the Grand Scion (DsGl)               Turns: 12592, Time: 00:16:24

Health: -1/80      AC:  7    Str: 16    XL:     11   Next: 86%
Magic:  18/18      EV: 22    Int: 10    God:    Hepliaklqana [*****.]
Gold:   988        SH: 11    Dex: 21    Spells: 10/10 levels left

rFire   . . .        a - +1 trident (venom)
rCold   . . .        i - +0 buckler
rNeg    + . .        M - +0 troll leather armour
rPois   .            c - +0 helmet
rElec   .            (no cloak)
rCorr   .            u - +1 pair of gloves
SInv    .            (no boots)
Will    .....        J - amulet of reflection
Stlth   ++++         f - +5 ring of evasion
HPRegen 1.13/turn    z - ring of positive energy
MPRegen 0.16/turn

%: reflection
@: mighty, about to teleport
A: reduced essence, hooves 1, thin skeletal structure 2, foul stench 2, icemail
1, condensation shield
a: Renounce Religion, Recall Ancestor, Ancestor Identity, Transference, Idealise


You were on level 13 of the Dungeon.
You worshipped Hepliaklqana.
Hepliaklqana was extremely pleased with you.
You visited 2 branches of the dungeon, and saw 14 of its levels.
You also visited: Ossuary.

You collected 1086 gold pieces.
You spent 98 gold pieces at shops.

Inventory:

Hand Weapons
 a - a +1 trident of venom (weapon)
Missiles
 d - 6 throwing nets (quivered)
 e - a javelin
Armour
 c - a +0 helmet (worn)
 i - a +0 buckler (worn)
 u - a +1 pair of gloves (worn)
 G - a +0 cloak
 M - a +0 troll leather armour (worn)
Jewellery
 f - a +5 ring of evasion (left hand)
 z - a ring of positive energy (right hand)
 J - an amulet of reflection (around neck)
Wands
 v - a wand of charming (25)
 K - a wand of digging (7)
Scrolls
 b - a scroll of immolation
 j - a scroll of brand weapon
 n - 5 scrolls of poison
 x - a scroll of fog
 y - 3 scrolls of teleportation
 C - 4 scrolls of fear
 D - a scroll of enchant armour
 F - 6 scrolls of identify
 H - a scroll of amnesia
 I - a scroll of vulnerability
Potions
 g - 5 potions of mutation
 h - 2 potions of enlightenment
 k - 3 potions of heal wounds
 l - 4 potions of attraction
 m - 2 potions of invisibility
 p - 4 potions of lignification
 q - 4 potions of brilliance
 r - 2 potions of might
 s - a potion of magic
 t - 11 potions of curing
 w - 3 potions of haste
 A - 3 potions of ambrosia
 B - 2 potions of cancellation
 E - a potion of resistance


   Skills:
 + Level 9.5 Fighting
 + Level 8.9 Polearms
 - Level 1.7 Throwing
 - Level 6.0 Armour
 + Level 8.9 Dodging
 - Level 4.3 Shields
 + Level 9.7 Invocations


You had 10 spell levels left.
You didn't know any spells.
Your spell library contained the following spells:

 Spells                   Type           Power      Damage    Failure   Level
 Apportation              Tloc           0%         N/A       52%         1
 Summon Small Mammal      Summ           0%         N/A       52%         1
 Cigotuvi's Dreadful Rot  Necr/Pois/Air  0%         N/A       65%         2
 Call Canine Familiar     Summ           0%         N/A       87%         3
 Frozen Ramparts          Ice            0%         1d1       87%         3
 Summon Guardian Golem    Hex/Summ       0%         N/A       87%         3
 Teleport Other           Tloc           0%         N/A       87%         3
 Anguish                  Hex/Necr       0%         N/A       99%         4
 Dispel Undead            Necr           0%         3d6       99%         4
 Fulminant Prism          Conj/Hex       0%         3d5       99%         4
 Petrify                  Tmut/Erth      0%         N/A       99%         4
 Summon Ice Beast         Ice/Summ       0%         N/A       99%         4
 Metabolic Englaciation   Hex/Ice        0%         N/A       100%        5
 Summon Mana Viper        Hex/Summ       0%         N/A       100%        5
 Death Channel            Necr           0%         N/A       100%        6
 Dispersal                Tloc           0%         N/A       100%        6
 Eringya's Noxious Bog    Tmut/Pois      0%         4d6       100%        6
 Simulacrum               Ice/Necr       0%         N/A       100%        6
 Monstrous Menagerie      Summ           0%         N/A       100%        7
 Ozocubu's Refrigeration  Ice            0%         4d7       100%        7
 Polar Vortex             Ice            0%         N/A       100%        9


Dungeon Overview and Level Annotations

Branches:
Dungeon (13/15)            Temple (1/1) D:4            Lair (0/5) D:8
    Orc (0/2) D:11        Ossuary (visited)
 Vaults: D:13-14

Altars:
Ashenzari
Cheibriados
Dithmenos
Fedhas
Gozag
Hepliaklqana
Kikubaaqudgha
Makhleb
Nemelex Xobeh
Okawaru
Qazlal
Ru
Sif Muna
Trog
Uskayaw
Vehumet
Wu Jian
Xom
Yredelemnul

Shops:
D:3 [   D:4 !

Portals:
Abyss: D:7

Annotations:
D:7 2 transporters, Pokonic1's ghost, novice TrSh
D:11 3 runed translucent doors
D:12 3 runed translucent doors, Nounyhaxi's ghost, journeyman MeEE
D:13 Azrael


Innate Abilities, Weirdness & Mutations

Your life essence is reduced to manifest your ancestor. (-10% HP)
You have large cloven feet.
You have a moderately thin skeletal structure. (Dex +4, Stealth++)
You sometimes emit foul miasma when damaged in melee.
A meltable icy envelope protects you from harm. (AC +0)
A meltable shield of frost defends you. (SH +0)


Message History

The slime creature moves out of view.
Okay, then.
Unknown command.
As you read the scroll of teleportation, it crumbles to dust.
You feel strangely unstable. The hell hound breathes flames at you.
The blast of flame hits you.
* * * LOW HITPOINT WARNING * * *
A slime creature comes into view.
Unknown command.
A slime creature comes into view.
Unknown command.
Your surroundings suddenly seem different.
A deep elf zephyrmancer, a deep elf pyromancer, a centaur and a vampire come into view.
The deep elf zephyrmancer shouts!
A shadow comes into view.
The deep elf pyromancer gestures wildly while chanting.
The deep elf zephyrmancer hits you but does no damage.
Unknown command.
As you read the scroll of teleportation, it crumbles to dust.
You feel strangely unstable.
A gargoyle comes into view. It is wielding a +0 morningstar.
The deep elf zephyrmancer completely misses you.
Unknown command.
A centaur comes into view.
The vampire barely misses you. You block the vampire's attack.
The deep elf pyromancer casts a spell.
Unknown command.
A centaur warrior comes into view.
The centaur shouts! x2
The centaur wields a +0 orcbow.
The centaur shoots an arrow.
The arrow misses you.
The centaur wields a +0 shortbow.
The centaur shoots an arrow.
You block the arrow with an invisible shield... and reflect it back!
The arrow barely misses the centaur.
The vampire completely misses you. The vampire misses you.
The deep elf pyromancer gestures at you while chanting.
The bolt of fire hits the fire elemental.
The fire elemental completely resists.
The bolt of fire hits you!
You die...

.°<^.
...............
...............
.9............
.##............
#
...............
#
..........e....
.#
.......e..E○E..
.l.
........E......
.#$..
.......@V......
.#.....
...............
.. ....
..W............
.## ...
.........#.....
.# ...
........##.....
c....c### .....
..c... ....
...... ...


You could see a centaur warrior (wandering), a deep elf pyromancer, a deep elf
zephyrmancer, 3 fire elementals, a vampire, a gargoyle, a shadow and 2 centaurs.

Vanquished Creatures
  A hydra (D:13)
  A two-headed ogre (D:10)
  3 slime creatures (D:12)
  A deep elf zephyrmancer (D:13)
  A deep elf pyromancer (D:12)
  A gargoyle (D:12)
  An unseen horror (D:8)
  A komodo dragon (D:11)
  3 trolls
  Grinder (D:3)
  Sigmund (D:4)
  A shadow (D:9)
  A vampire (D:6)
  A wraith (D:8)
  5 yaks
  2 steam dragons
  Menkaure (D:6)
  3 water moccasins
  2 acid dragons
  An orc warrior (D:9)
  A tengu (shapeshifter) (D:13)
  2 centaurs
  2 wolves (D:8)
  A phantom (D:6)
  2 kobold brigands
  Blork the orc (D:4)
  2 bullfrogs (D:8)
  2 scorpions
  A wight (D:8)
  A killer bee (D:6)
  2 howler monkeys (D:9)
  5 hounds
  8 orc priests
  2 gnoll boudas (D:7)
  2 jellies
  3 sleepcaps
  Jessica (D:2)
  Ijyb (D:3)
  9 orc wizards
  4 iguanas
  Natasha (twice) (D:4)
  A hexer (D:6)
  8 mummies (Ossuary)
  3 adders (D:2)
  8 gnolls
  2 shadow imps
  A white imp (D:5)
  2 ufetubi (D:5)
  4 worms
  3 dart slugs
  44 orcs
  7 endoplasms
  3 giant cockroaches (D:1)
  A gnoll zombie (Ossuary)
  8 goblins
  3 hobgoblins
  3 jackals (D:1)
  14 kobolds
  2 quokkas (D:3)
  7 ball pythons
  7 bats
  2 hobgoblin zombies (Ossuary)
  5 orc zombies (Ossuary)
  3 rats
227 creatures vanquished.

Vanquished Creatures (collateral kills)
  A boulder beetle (D:11)
  A two-headed ogre (D:11)
  An ugly thing (D:11)
  A black mamba (shapeshifter) (D:12)
  A shadow (D:11)
  2 wraiths
  7 yaks
  A vampire (D:12)
  A wyvern (D:11)
  A basilisk (D:12)
  Grum (D:8)
  2 acid dragons
  2 orc warriors
  2 bullfrogs
  2 wights (D:8)
  3 orc priests
  A sleepcap (D:7)
  4 orc wizards
  2 adders
  8 orcs
  2 kobolds (D:7)
46 creatures vanquished.

Vanquished Creatures (others)
  An orc wizard (D:7)
  4 hexers
  A kobold (D:7)
6 creatures vanquished.

Grand Total: 279 creatures vanquished

Notes
Turn   | Place    | Note
-------+----------+-------------------------------------------
     0 | D:1      | Demosthentine the Demonspawn Gladiator began the quest for
                  | the Orb.
     0 | D:1      | Reached XP level 1. HP: 16/16 MP: 1/1
   189 | D:1      | Gained mutation: You have a somewhat thin skeletal
                  | structure. (Dex +2, Stealth+) [demonic ancestry]
   189 | D:1      | Reached XP level 2. HP: 18/22 MP: 2/2
   600 | D:1      | Reached skill level 1 in Armour
   821 | D:2      | Reached XP level 3. HP: 12/28 MP: 3/3
   931 | D:2      | Noticed Jessica
   936 | D:2      | Killed Jessica
  1198 | D:2      | Reached XP level 4. HP: 33/34 MP: 4/4
  1933 | D:3      | Noticed Ijyb
  1945 | D:3      | Killed Ijyb
  2108 | D:3      | Noticed Grinder
  2122 | D:3      | Gained mutation: You may rarely emit foul miasma when
                  | damaged in melee. [demonic ancestry]
  2122 | D:3      | Reached XP level 5. HP: 41/41 MP: 5/5
  2128 | D:3      | Noticed a water moccasin
  2135 | D:3      | Killed Grinder
  2136 | D:3      | Reached skill level 1 in Shields
  2136 | D:3      | Reached XP level 6. HP: 33/47 MP: 6/6
  2141 | D:3      | Killed a water moccasin
  2276 | D:3      | Found Guyruin's Armour Emporium.
  2494 | D:3      | Found a faded altar of an unknown god.
  2668 | D:4      | Found Xoiffu's Distillery.
  2676 | D:4      | Bought a potion of curing for 42 gold pieces
  2676 | D:4      | Bought a potion of brilliance for 56 gold pieces
  2701 | D:4      | Noticed Natasha
  2705 | D:4      | Killed Natasha
  2706 | D:4      | Gained mutation: You have large cloven feet. [demonic
                  | ancestry]
  2706 | D:4      | Reached XP level 7. HP: 53/53 MP: 7/7
  2733 | D:4      | Noticed Natasha
  2741 | D:4      | Killed Natasha
  3065 | D:4      | Found a staircase to the Ecumenical Temple.
  3093 | D:4      | Found a hazy altar of Hepliaklqana.
  3095 | Temple   | Entered the Ecumenical Temple
  3101 | D:4      | Found a snail-covered altar of Cheibriados.
  3102 | D:4      | Found a sacrificial altar of Ru.
  3102 | D:4      | Found an ornate altar of the Wu Jian Council.
  3102 | D:4      | Found a sparkling altar of Nemelex Xobeh.
  3102 | D:4      | Found a shimmering altar of Xom.
  3109 | D:4      | Noticed Blork the orc
  3110 | D:4      | Became a worshipper of Hepliaklqana the Forgotten
  3172 | D:4      | Killed Blork the orc
  3207 | D:4      | Got the Tome of Unstable Space
  3245 | D:4      | Noticed Sigmund
  3258 | D:4      | Killed Sigmund
  3368 | D:4      | Found a shimmering blue altar of Sif Muna.
  3455 | D:4      | Found a burning altar of Makhleb.
  3599 | D:4      | Gained mutation: A meltable shield of frost defends you.
                  | (SH +0) [demonic ancestry]
  3599 | D:4      | Reached XP level 8. HP: 50/61 MP: 8/8
  3783 | D:5      | Entered Level 5 of the Dungeon
  3859 | D:5      | Found a sand-covered staircase.
  4002 | Ossuary  | Entered an ossuary
  4434 | D:5      | Reached skill level 5 in Polearms
  4604 | D:5      | Reached skill level 5 in Fighting
  4604 | D:5      | Reached skill level 5 in Dodging
  4896 | D:5      | Reached * piety under Hepliaklqana
  5787 | D:6      | Noticed Menkaure
  5795 | D:6      | Killed Menkaure
  6139 | D:6      | Reached ** piety under Hepliaklqana
  6140 | D:6      | Remembered your ancestor Xochipepe as a hexer
  6170 | D:6      | Gained mutation: A meltable icy envelope protects you from
                  | harm. (AC +0) [demonic ancestry]
  6170 | D:6      | Reached XP level 9. HP: 59/61 MP: 9/9
  6454 | D:7      | Noticed a troll
  6467 | D:6      | Reached skill level 1 in Invocations
  6543 | D:6      | Killed a troll
  6544 | D:6      | Reached skill level 5 in Armour
  7014 | D:7      | Found a stormy altar of Qazlal.
  7143 | D:7      | Found a transporter.
  7148 | D:7      | Found a transporter.
  7227 | D:7      | Noticed a green ugly thing
  7233 | D:7      | Found a one-way gate to the infinite horrors of the Abyss.
  7233 | D:7      | Noticed Pokonic1's ghost (novice TrSh)
  7263 | D:7      | Found a bloodstained altar of Trog.
  8024 | D:8      | Found a staircase to the Lair.
  8041 | D:8      | Noticed Grum
  8055 | D:8      | Killed Grum
  8202 | D:8      | Reached *** piety under Hepliaklqana
  8300 | D:8      | Killed an unseen horror
  8301 | D:8      | Gained mutation: You have a moderately thin skeletal
                  | structure. (Dex +4, Stealth++) [demonic ancestry]
  8301 | D:8      | Reached XP level 10. HP: 69/69 MP: 13/13
  8789 | D:9      | Reached skill level 5 in Invocations
  9052 | D:9      | Found an opulent altar of Gozag.
  9092 | D:9      | Found a radiant altar of Vehumet.
  9572 | D:10     | Entered Level 10 of the Dungeon
  9636 | D:10     | Got the Volume of Mustering and the Jinx
  9639 | D:10     | Reached **** piety under Hepliaklqana
  9701 | D:10     | Found a broken altar of Ashenzari.
 10172 | D:10     | Noticed a two-headed ogre
 10184 | D:10     | Killed a two-headed ogre
 10696 | D:11     | Noticed a two-headed ogre
 10703 | D:11     | Killed a two-headed ogre
 10704 | D:11     | Gained mutation: You sometimes emit foul miasma when
                  | damaged in melee. [demonic ancestry]
 10704 | D:11     | Reached XP level 11. HP: 47/77 MP: 16/16
 10893 | D:11     | Found a staircase to the Orcish Mines.
 11052 | D:11     | Found a runed translucent gate.
 11053 | D:11     | Found a runed translucent gate.
 11055 | D:11     | Found a runed translucent gate.
 11055 | D:11     | Noticed a green ugly thing
 11056 | D:11     | Noticed a cyan ugly thing
 11057 | D:11     | Noticed a red ugly thing
 11057 | D:11     | Noticed a purple ugly thing
 11058 | D:11     | Noticed a red ugly thing
 11624 | D:12     | Noticed a boulder beetle
 11757 | D:12     | Noticed a green ugly thing
 11770 | D:11     | Killed a boulder beetle
 11787 | D:11     | Killed a green ugly thing
 11941 | D:12     | Found a runed translucent gate.
 12059 | D:12     | Found a runed translucent gate.
 12059 | D:12     | Found a runed translucent gate.
 12059 | D:12     | Noticed Nounyhaxi's ghost (journeyman MeEE)
 12143 | D:12     | Noticed a deep elf pyromancer
 12153 | D:12     | Killed a deep elf pyromancer
 12465 | D:13     | Reached ***** piety under Hepliaklqana
 12465 | D:13     | Noticed an eight-headed hydra
 12473 | D:13     | Killed an eight-headed hydra
 12504 | D:13     | Noticed a deep elf zephyrmancer
 12506 | D:13     | Noticed a deep elf zephyrmancer
 12508 | D:13     | Noticed a deep elf zephyrmancer
 12513 | D:13     | Noticed an occultist
 12514 | D:13     | Killed a deep elf zephyrmancer
 12573 | D:13     | Noticed Azrael
 12589 | D:13     | Noticed a deep elf zephyrmancer
 12589 | D:13     | Noticed a deep elf pyromancer
 12592 | D:13     | Noticed a centaur warrior
 12592 | D:13     | Killed from afar by a deep elf pyromancer

Illustrated notes

Levels and vault maps discovered:
D:1:      dpeg_arrival_simpleton_a, layout_basic, serial_glass, glass_columns_a,
          glass_columns_a, minmay_tromino_v4_b
D:2:      layout_basic, minmay_misc_feat_rows, uniq_jessica
D:3:      layout_basic, serial_shops, nicolae_diamond_shop,
          shapermc_ecumenical_altar_mp_highgroup, chequers_mini_garden,
          dk_vineyard_1, kennysheep_nub, uniq_crazy_yiuf_cottage, uniq_ijyb,
          uniq_grinder
D:4:      layout_basic, mainiacjoe_overflow_alcove_4,
          lemuel_coloured_pillars_altar, grunt_temple_overflow_open,
          minmay_temple_entry_offerings, serial_shops,
          nicolae_shop_temple_entry_statues_fountains, minmay_mini_jars,
          uniq_natasha, uniq_sigmund, uniq_blork_the_orc
D:5:      layout_loops_ring, nicolae_ossuary_entry_false_entrances
D:6:      layout_loops_corners, minmay_microvault, uniq_menkaure
D:7:      layout_basic, lightli_temple_of_fire, nicolae_qazlal_eye_of_the_storm,
          gammafunk_ghost_abyssal_escape, st_stairs_12, minmay_fractal_squares_5
D:8:      layout_gridville, dpeg_oklobed_lair, roderic_lattice_a, uniq_grum
D:9:      layout_gridville, mainiacjoe_overflow_alcove_1, old_standard_altar,
          serial_park_tiny_pond, nicolae_the_louvre
D:10:     layout_loops_cross, overflow_temple_1_default
D:11:     layout_irregular_city, hiddenorc1_lemuel,
          ploomutoo_gammafunk_ghost_potion_laboratory
D:12:     layout_rooms, gammafunk_ghost_necromancy
D:13:     layout_cave_pools, bh_hangedman_babel_library, uniq_azrael
Temple:   hellmonk_temple_of_storms

Skill      XL: |  1  2  3  4  5  6  7  8  9 10 11 |
---------------+----------------------------------+-----
Polearms       | 3 4 5 6 7 8 |  8.9
Dodging        | 3 4 5 6 7 8 |  8.9
Armour         | 1 2 3 4 5 6 |  6.0
Fighting       | 3 4 5 6 8 9 |  9.5
Shields        | 1 2 3 4 |  4.3
Invocations    | 4 7 9 |  9.7
Throwing       | |  1.7

Action                     |  1- 3 |  4- 6 |  7- 9 | 10-12 || total
---------------------------+-------+-------+-------+-------++-------
  Melee: Trident           |   108 |    88 |   462 |   338 ||   996
         Punch             |     1 |     1 |     7 |       ||     9
         Kick              |       |       |   137 |   129 ||   266
  Throw: Throwing net      |       |       |     3 |     2 ||     5
 Invoke: Ancestor Life: He |       |       |     1 |       ||     1
         Recall Ancestor   |       |       |       |     1 ||     1
    Use: Scroll            |     3 |    11 |    11 |     6 ||    31
         Potion            |       |       |       |     1 ||     1
   Stab: Sleeping          |     7 |     6 |    12 |     3 ||    28
         Distracted        |       |     1 |     2 |     7 ||    10
         Held in net/web   |       |       |       |     2 ||     2
         Confused          |       |       |       |     9 ||     9
 Armour: Leather armour    |    50 |    20 |   147 |    19 ||   236
         Steam dragon scal |       |       |       |    24 ||    24
         Troll leather arm |       |       |       |    46 ||    46
  Dodge: Dodged            |    50 |    52 |   274 |   158 ||   534
  Block: Other             |       |       |    22 |       ||    22
         Buckler           |       |       |    65 |   160 ||   225
         Reflection        |       |       |       |    10 ||    10

Table legend: (Time is in decaauts)
 A = Elapsed time spent in this place.
 B = Non-inter-level travel time spent in this place.
 C = Inter-level travel time spent in this place.
 D = Time resting spent in this place.
 E = Time spent auto-exploring this place.
 F = Levels seen in this place.
 G = Mean time per level.
                   A        B        C        D        E       F      G
               +--------+--------+--------+--------+--------+-----+--------+
         Total |  12637 |  12266 |    371 |    474 |   9438 |  15 |  842.5 |
       Dungeon |  12272 |  11901 |    371 |    474 |   9205 |  13 |  944.0 |
        Temple |      1 |      1 |      0 |      0 |      0 |   1 |    1.0 |
       Ossuary |    363 |    363 |      0 |      0 |    233 |   1 |  363.0 |
               +--------+--------+--------+--------+--------+-----+--------+

Top non-repeatable levels by time:
     D:6: 1529 daAuts
     D:4: 1280 daAuts
    D:11: 1192 daAuts
     D:7: 1173 daAuts
     D:2: 1079 daAuts
    D:10: 1001 daAuts
     D:5: 930 daAuts
     D:9: 912 daAuts
     D:1: 821 daAuts
     D:3: 772 daAuts
     D:8: 768 daAuts
    D:12: 676 daAuts
 Ossuary: 363 daAuts
    D:13: 133 daAuts
  Temple: 1 daAuts
